AoeStats
← Ken

Arabia

506321718Analyzed
1v1 RM · 18d ago on Sep 13, 2026· 33m 53s· 2 players
Game mode
Random Map
Map size
Tiny (2 player)
Population
200
Speed
Normal
Resources
Standard
Victory
Conquest
Starting age
Dark Age
Ending age
Imperial Age
RankedLock teamsTeams togetherTeam positionsShared explorationLock speedFull tech treeHidden civsTurbo modeCheats
Victory
Defeat
🇦🇷 Burgundians · Argentina
934
+17
🇨🇳 Byzantines · China
950
-17
rodriguezbarrios.m
7:09 Loom
9:57 Feudal Age
18:20 Double-Bit Axe
19:22 Horse Collar
21:15 Wheelbarrow
23:11 Castle Age
24:20 Scale Barding Armor
24:49 Husbandry
25:47 Chain Barding Armor
25:53 Bow Saw
25:47 Heavy Plow
26:21 Forging
26:11 Cavalier
29:56 Town Watch
30:50 Iron Casting
Ken
10:33 Feudal Age
15:08 Loom
20:25 Castle Age
19:37 Double-Bit Axe
25:23 Bow Saw
27:22 Wheelbarrow
30:28 Squires
29:49 Pikeman
Connection lost

Rejoining the realm…

Still unreachable

The connection could not be restored.

Session expired

The server has moved on; the page needs a fresh start.